 Dungeon Crawl Stone Soup version 0.21.0-24-g2553a33 (webtiles) character file.

16 SedStubbie the Conjurer (level 2, -12/19 HPs)
             Began as a Mummy Conjurer on Jan 21, 2018.
             Killed by a distortion unwield (31 damage)
             ... on level 1 of the Dungeon.
             The game lasted 00:02:27 (757 turns).

SedStubbie the Conjurer (Mummy Conjurer)             Turns: 757, Time: 00:02:28

Health: -12/19     AC:  2    Str: 11    XL:     2   Next: 37%
Magic:  3/6        EV: 11    Int: 14    God:
Gold:   63         SH:  3    Dex: 12    Spells: 6/7 levels left

rFire    x . .     SeeInvis .   (no weapon)
rCold    + . .     Gourm    .   j - +0 buckler
rNeg     + + +     Faith    .   a - +0 robe
rPois    ∞         Spirit   .   (no helmet)
rElec    .         Reflect  .   (no cloak)
rCorr    .         Harm     .   (no gloves)
MR       .....                  (no boots)
Stlth    ++........             (no amulet)
HPRegen  0.06/turn              (no ring)
MPRegen  0.10/turn              (no ring)

@: very slightly contaminated
A: no food or potions, fire vulnerability, cold resistance 1, negative energy
resistance 3, torment resistance, unbreathing
a: no special abilities


You were on level 1 of the Dungeon.
You were not hungry.

You visited 1 branch of the dungeon, and saw 1 of its levels.

You collected 63 gold pieces.

Inventory:

Hand Weapons
 d - a +1 whip of distortion
 k - a +1 dagger of venom
Armour
 a - a +0 robe (worn)
 j - a +0 buckler (worn)
Scrolls
 c - a scroll of enchant weapon {unknown}
 e - 2 scrolls of identify {unknown}
 f - a scroll of blinking {unknown}
 g - 2 scrolls of fog {unknown}
 h - 2 scrolls of random uselessness {unknown}
 i - a scroll of teleportation {unknown}
Books
 b - a book of Conjurations

   Spells                             Type                      Level
   a - Magic Dart                     Conjuration                  1
   b - Searing Ray                    Conjuration                  2
   c - Dazzling Spray                 Conjuration/Hexes            3
   d - Fulminant Prism                Conjuration/Hexes            4
   e - Force Lance                    Conjuration/Translocation    4
   f - Iskenderun's Mystic Blast      Conjuration                  4


   Skills:
 - Level 1.6 Dodging
 - Level 1.5 Stealth
 + Level 0.0 Shields
 + Level 3.0 Spellcasting
 + Level 3.6 Conjurations


You had 6 spell levels left.
You knew the following spells:

 Your Spells              Type           Power        Failure   Level  Hunger
a - Magic Dart            Conj           ##..         8%          1    N/A

Dungeon Overview and Level Annotations

Branches:
Dungeon (1/15)

Altars:


Innate Abilities, Weirdness & Mutations

You do not eat or drink.
Your flesh is vulnerable to fire.
You are immune to poison.
Your flesh is cold resistant. (rC+)
You are immune to negative energy. (rN+++)
You are immune to unholy pain and torment.
You can survive without breathing.


Message History

Confirm with . or Enter, or press ? or * to list all spells.
Aiming: Magic Dart
Press: ? - help, Shift-Dir - straight line, f - kobold
Aim: a kobold, wielding a dagger of venom The magic dart hits the kobold.
You kill the kobold!
A rat comes into view.
You see here a hobgoblin corpse.
Things that are here:
a dagger of venom; 3 stones; a kobold corpse
k - a dagger of venom Wield which item (- for none, * to show all)? (? for menu, Esc to quit)
Really unwield
d - a +1 whip of distortion?
Uppercase [Y]es or [N]o only, please.
Really unwield
d - a +1 whip of distortion?
Uppercase [Y]es or [N]o only, please.
Really unwield
d - a +1 whip of distortion?
You are crushed and pinned by an extremely strong localised spatial distortion!
Ouch! That really hurt!
You die...

###.........# #
#..P.≈≈≈.≈≈P## #
#..≈≈.≈≈≈....# #
#♣≈.≈≈≈≈≈≈♣≈♣# #
#.≈≈.≈≈≈≈≈≈.P## #
####.≈≈≈≈≈≈≈≈≈P..#
##
#..#.P≈≈.≈≈Pr≈...#
.. #..#..P..♣†@♣ ##
#..#......###..
######..#..........#
...>........########
######..##..#
.........(..#
#########...#
..........#!#
#.#########.#


You could see a rat.

Vanquished Creatures
  A leopard gecko (D:1)
  2 bats (D:1)
  2 giant cockroaches (D:1)
  4 hobgoblins (D:1)
  2 kobolds (D:1)
  A frilled lizard (D:1)
12 creatures vanquished.

Vanquished Creatures (others)
  A kobold (D:1)
1 creature vanquished.

Grand Total: 13 creatures vanquished

Notes
Turn   | Place    | Note
-------+----------+-------------------------------------------
     0 | D:1      | SedStubbie the Mummy Conjurer began the quest for the Orb.
     0 | D:1      | Reached XP level 1. HP: 13/13 MP: 4/4
   358 | D:1      | Reached XP level 2. HP: 19/19 MP: 5/5
   757 | D:1      | Killed by a distortion unwield

Skill      XL: |  1  2 |
---------------+-------+-----
Spellcasting   | 3 |  3.0
Dodging        | |  1.6
Stealth        | |  1.5
Conjurations   | |  3.6

Action                   || total
-------------------------++-------
Melee: Whip              ||     9
       Unarmed           ||     4
 Cast: Magic Dart        ||    24
Armor: Robe              ||     4
Dodge: Dodged            ||    16
